 Dungeon Crawl Stone Soup version 0.29-a0-330-g52719c12eb (webtiles) character file.

Game seed: 1372915318465935351

38 kae the Firebug (level 3, -2/26 HPs)
             Began as a Demigod Fire Elementalist on Apr 27, 2022.
             Splashed by a jelly's acid (7 damage)
             ... on level 3 of the Dungeon.
             The game lasted 00:01:05 (2146 turns).

kae the Firebug (Demigod Fire Elementalist)         Turns: 2146, Time: 00:01:06

Health: -2/26      AC: -2    Str:  9    XL:     3   Next: 10%
Magic:  4/9        EV: 12    Int: 21    God:
Gold:   62         SH:  0    Dex: 14    Spells: 0/6 levels left

rFire   . . .      SeeInvis .   i - +2 whip (freeze)
rCold   . . .      Faith    .   (no shield)
rNeg    . . .      Spirit   .   a - +0 robe
rPois   .          Reflect  .   (no helmet)
rElec   .          Harm     .   (no cloak)
rCorr   .          Rampage  .   (no gloves)
Will    .....                   (no boots)
Stlth   ++........              d - amulet of regeneration
HPRegen 0.88/turn               (no ring)
MPRegen 0.11/turn               (no ring)

@: corroded
A: high MP 1, forlorn, divine attributes
a: no special abilities


You were on level 3 of the Dungeon.
You visited 1 branch of the dungeon, and saw 3 of its levels.

You collected 62 gold pieces.

Inventory:

Hand Weapons
 f - a +0 dagger of venom
 i - a +2 whip of freezing (weapon)
Armour
 a - a +0 robe (worn)
Jewellery
 d - an amulet of regeneration (around neck)
 g - an amulet of the acrobat
 k - an amulet of reflection
Scrolls
 m - a scroll of fear
Potions
 b - a potion of magic
 c - a potion of degeneration
 e - a potion of cancellation
 h - a potion of flight
 j - 2 potions of curing {unknown}
 l - a potion of invisibility {unknown}


   Skills:
 - Level 1.7 Dodging
 - Level 1.7 Stealth
 + Level 2.2 Spellcasting
 + Level 1.7 Conjurations
 + Level 3.2 Fire Magic


You couldn't memorise any spells.
You knew the following spells:

 Your Spells              Type           Power      Damage    Failure   Level
a - Foxfire               Conj/Fire      48%        2x1d6     5%          1
b - Scorch                Fire           30%        2d7       6%          2
c - Conjure Flame         Conj/Fire      12%        6-21      16%         3

Your spell library contained the following spells:

 Spells                   Type           Power      Damage    Failure   Level
 Blink                    Tloc           4%         N/A       22%         2
 Inner Flame              Hex/Fire       9%         N/A       22%         3
 Tukima's Dance           Hex            2%         N/A       41%         3
 Flame Wave               Conj/Fire      12%        2d6       45%         4
 Passage of Golubria      Tloc           2%         N/A       82%         4
 Manifold Assault         Tloc           2%         N/A       99%         5
 Yara's Violent Unravell  Hex/Tmut       1%         3d3       99%         5
 Storm Form               Tmut/Air       1%         N/A       100%        7


Dungeon Overview and Level Annotations

Branches:
Dungeon (3/15)


Innate Abilities, Weirdness & Mutations

You have an increased reservoir of magic. (+10% MP)
You shall have no god before yourself.
Your divine heritage dramatically boosts your attributes as you level up.


Message History

Casting: Foxfire (safe; 5% risk of failure)
Confirm with . or Enter, or press ? or * to list all spells.
You conjure some foxfire!
Your foxfire dissipates!
Casting: Foxfire (safe; 5% risk of failure)
Confirm with . or Enter, or press ? or * to list all spells.
You conjure some foxfire!
The foxfire hits the jelly.
The jelly is moderately wounded.
The jelly quivers.
Casting: Foxfire (safe; 5% risk of failure)
Confirm with . or Enter, or press ? or * to list all spells.
You conjure some foxfire!
The foxfire hits the jelly.
The jelly is moderately wounded.
An endoplasm comes into view.
Casting: Foxfire (safe; 5% risk of failure)
Confirm with . or Enter, or press ? or * to list all spells.
You conjure some foxfire!
The foxfire hits the jelly.
The jelly is severely wounded.
Your foxfire dissipates!
The jelly attacks as you move away! The jelly hits you.
You are splashed with acid!
The foxfire hits the jelly.
The jelly is almost dead.
Casting: Foxfire (safe; 5% risk of failure)
Confirm with . or Enter, or press ? or * to list all spells.
You conjure some foxfire!
The jelly hits you.
You are splashed with acid!
* * * LOW HITPOINT WARNING * * *
The foxfire hits the jelly.
The jelly is almost dead.
The foxfire hits the jelly.
The jelly is almost dead.
The jelly hits you but does no damage.
Casting: Foxfire (safe; 5% risk of failure)
Confirm with . or Enter, or press ? or * to list all spells.
You conjure some foxfire!
The jelly hits you.
* * * LOW HITPOINT WARNING * * *
The acid corrodes you!
You are splashed with acid!
You die...

....... .....
..... .... ...
###.... ...
....... #.# .....#
#.# .....#
#J########.....#
#@v............##
#§vJ.....<.......
#..............##
#...............##
####........)...#
#............#
#............#
#.........)..#
#............#


You could see a jelly (ally target) and an endoplasm (ally target).

Vanquished Creatures
  An adder (D:2)
  A worm (D:2)
  A dart slug (D:1)
  A ball python (D:2)
  3 endoplasms (D:2)
  A giant cockroach (D:1)
  2 goblins (D:2)
  A hobgoblin (D:1)
  2 quokkas
  4 bats
  3 frilled lizards
  A kobold (D:1)
  3 rats
24 creatures vanquished.

Vanquished Creatures (others)
  91 foxfires
91 creatures vanquished.

Grand Total: 115 creatures vanquished

Notes
Turn   | Place    | Note
-------+----------+-------------------------------------------
     0 | D:1      | kae the Demigod Fire Elementalist began the quest for the
                  | Orb.
     0 | D:1      | Reached XP level 1. HP: 14/14 MP: 5/5
   128 | D:1      | Reached skill level 1 in Conjurations
   982 | D:1      | Reached XP level 2. HP: 20/20 MP: 4/7
  1194 | D:2      | Reached skill level 3 in Fire Magic
  1812 | D:2      | Reached XP level 3. HP: 26/26 MP: 7/9
  1815 | D:2      | Learned a level 2 spell: Scorch
  1819 | D:2      | Learned a level 3 spell: Conjure Flame
  2146 | D:3      | Splashed by a jelly's acid

Illustrated notes

Levels and vault maps discovered:
D:1:      saegor_arrival_simple_d, layout_basic, serial_bayou_crossing
D:2:      layout_loops_ring, basic_altar, minmay_misc_feat_more_columns
D:3:      layout_basic, nicolae_overflow_hidden_temple,
          nicolae_ecumenical_oubliette

Skill      XL: |  1  2 |
---------------+-------+-----
Conjurations   | 1 |  1.7
Spellcasting   | 2 |  2.2
Fire Magic     | 3 |  3.2
Dodging        | |  1.7
Stealth        | |  1.7

Action                   || total
-------------------------++-------
Melee: Whip              ||    11
 Cast: Foxfire           ||    57
  Use: Scroll            ||     5
 Stab: Sleeping          ||     1
Armor: Robe              ||     7
Dodge: Dodged            ||    18

Table legend: (Time is in decaauts)
 A = Elapsed time spent in this place.
 B = Non-inter-level travel time spent in this place.
 C = Inter-level travel time spent in this place.
 D = Time resting spent in this place.
 E = Time spent auto-exploring this place.
 F = Levels seen in this place.
 G = Mean time per level.
                   A        B        C        D        E       F      G
               +--------+--------+--------+--------+--------+-----+--------+
         Total |   2148 |   2085 |     63 |      0 |   1855 |   3 |  716.0 |
       Dungeon |   2148 |   2085 |     63 |      0 |   1855 |   3 |  716.0 |
               +--------+--------+--------+--------+--------+-----+--------+

Top non-repeatable levels by time:
     D:1: 1168 daAuts
     D:2: 958 daAuts
     D:3: 21 daAuts
